 Dungeon Crawl Stone Soup version 0.16.1-28-gcc2312f (webtiles) character file.

685 sqallbeste the Chopper (level 7, -5/63 HPs)
             Began as a Hill Orc Fighter on May 31, 2015.
             Was a Believer of Beogh.
             Slain by an ogre
             ... wielding a +0 giant club
              (12 damage)
             ... on level 5 of the Dungeon.
             The game lasted 00:16:29 (3740 turns).

sqallbeste the Chopper (Hill Orc Fighter)           Turns: 3740, Time: 00:16:29

Health: -5/63      AC: 15    Str: 19    XL:     7   Next: 62%
Magic:  7/7        EV:  3    Int:  8    God:    Beogh [**....]
Gold:   229        SH: 10    Dex: 13    Spells: 0 memorised, 6 levels left

rFire  . . .     SeeInvis .     a - +0 war axe
rCold  . . .     Rnd*Rage +     h - +0 plate armour
rNeg   . . .     SustAb   .     c - +0 shield
rPois  .         Gourm    +     (no helmet)
rElec  .         Spirit   .     (no cloak)
rCorr  .         Warding  .     o - +0 pair of gloves {Dex+3}
rMut   .         Stasis   .     (no boots)
MR     .....                    i - amulet of the gourmand
Stlth  ..........               (no ring)
                                t - +2 ring of slaying

@: not resistant to hostile enchantments, extremely unstealthy
A: berserk 1, shaggy fur 1, weak 1
a: Smiting, Renounce Religion


You were on level 5 of the Dungeon.
You worshipped Beogh.
Beogh was pleased with you.
You were full.

You visited 1 branch of the dungeon, and saw 5 of its levels.

You collected 229 gold pieces.

Inventory:

Hand weapons
 a - a +0 war axe (weapon)
Armour
 b - a +0 scale mail
 c - a +0 shield (worn)
 h - a +0 plate armour (worn)
 o - a +0 pair of gloves of dexterity (worn)
Jewellery
 i - an amulet of the gourmand (around neck)
 t - a +2 ring of slaying (left hand)
Magical devices
 r - a wand of polymorph (0)
Scrolls
 j - 7 scrolls of identify
 m - 4 scrolls of remove curse
Potions
 e - 3 potions of might
 n - 3 potions of curing
 q - a potion of restore abilities
 s - 2 potions of invisibility
 u - a potion of brilliance
Comestibles
 d - a meat ration
 f - 2 bread rations
 g - 5 fruits
 l - 2 slices of pizza
 p - 2 royal jellies


   Skills:
 - Level 6.0 Fighting
 * Level 7.5 Axes
 - Level 5.4 Armour
 - Level 4.0 Shields


You had 6 spell levels left.
You didn't know any spells.

Dungeon Overview and Level Annotations

Branches:
Dungeon (5/15)
 Temple: D:4-7

Altars:
Gozag
Kikubaaqudgha
Makhleb
Okawaru
Qazlal
Sif Muna
Xom
Yredelemnul
Zin


Innate Abilities, Weirdness & Mutations

You tend to lose your temper in combat.
You are covered in fur (AC +1).
You are weak. (Str -2)


Message History

The ogre is lightly wounded.
You block the ogre's attack.
You hit the ogre but do no damage.
The ogre is lightly wounded.
You block the ogre's attack.
You slash the ogre!
The ogre is heavily wounded.
You hit the ogre.
The ogre is heavily wounded.
The ogre hits you with a giant club!
A rat comes into view.
You slash the ogre!
The ogre is almost dead.
The ogre hits you with a giant club!
* * * LOW HITPOINT WARNING * * *
You feel better. The ogre hits you with a giant club!
* * * LOW HITPOINT WARNING * * *
As you read the scroll of fog, it crumbles to dust.
The scroll dissolves into smoke.
The ogre hits you with a giant club!
You die...

#...#....##≈≈(≈≈.#
##..########≈#'#≈.#
#...#######.)'_'..# #
#...##......≈#'#≈## #
##...##......≈≈.≈≈# #
###...###.........###
# ###.....#
#..§...†.## #
##..)†..## #.§§§#####
# #.....### #§§@§#
###...### #.§O§#
##...## #>.§.# ##...#
#....# ##...# #.r.##
#..[## #..## #...#
#.. #..## #.. ...# (


You could see an ogre and a rat.

Vanquished Creatures
  An ogre (D:4)
  A centaur (D:5)
  2 hounds
  An iguana (D:4)
  A jelly (D:5)
  An orc wizard (D:4)
  4 worker ants
  Ijyb (D:4)
  8 adders
  4 gnolls (D:4)
  A giant mite (D:1)
  2 worms
  An adder skeleton (D:4)
  An adder zombie (D:3)
  2 oozes
  6 orcs
  3 ball pythons
  A bat skeleton (D:3)
  10 hobgoblins
  12 jackals
  8 kobolds
  A quokka (D:2)
  14 bats
  6 giant cockroaches
  A giant gecko skeleton (D:4)
  3 giant newts
  7 goblins
  14 rats
117 creatures vanquished.

Vanquished Creatures (others)
  3 orcs (D:3)
  A kobold (D:3)
4 creatures vanquished.

Grand Total: 121 creatures vanquished

Notes
Turn   | Place    | Note
--------------------------------------------------------------
     0 | D:1      | sqallbeste, the Hill Orc Fighter, began the quest for the Orb.
     0 | D:1      | Reached XP level 1. HP: 19/19 MP: 1/1
   130 | D:1      | Reached skill level 4 in Fighting
   131 | D:1      | Reached XP level 2. HP: 9/27 MP: 2/2
   450 | D:1      | Reached XP level 3. HP: 25/34 MP: 3/3
   840 | D:2      | Reached skill level 5 in Fighting
   889 | D:2      | Reached XP level 4. HP: 29/42 MP: 4/4
  1466 | D:3      | Reached skill level 5 in Axes
  1468 | D:3      | Became a worshipper of Beogh the Brigand
  1500 | D:3      | Found an iron altar of Okawaru.
  1568 | D:3      | Reached XP level 5. HP: 46/48 MP: 5/5
  1835 | D:3      | Found a burning altar of Makhleb.
  1879 | D:3      | Found a glowing silver altar of Zin.
  2083 | D:3      | Gained mutation: You are covered in fur (AC +1). [potion of mutation]
  2083 | D:3      | Gained mutation: You are weak. (Str -2) [potion of mutation]
  2083 | D:3      | Gained mutation: You tend to lose your temper in combat. [potion of mutation]
  2198 | D:3      | Found an iron altar of Okawaru.
  2198 | D:3      | Found an opulent altar of Gozag.
  2447 | D:4      | Found a stormy altar of Qazlal.
  2447 | D:4      | Noticed an ogre
  2454 | D:4      | Killed an ogre
  2454 | D:4      | Reached XP level 6. HP: 35/56 MP: 6/6
  2571 | D:4      | Acquired Beogh's first power
  2638 | D:4      | Reached skill level 5 in Armour
  2804 | D:4      | Noticed Ijyb
  2874 | D:4      | Killed Ijyb
  2874 | D:4      | Reached XP level 7. HP: 57/62 MP: 7/7
  2958 | D:4      | Reached skill level 6 in Fighting
  3007 | D:4      | Found a deep blue altar of Sif Muna.
  3290 | D:5      | Entered Level 5 of the Dungeon
  3290 | D:5      | Found a basalt altar of Yredelemnul.
  3304 | D:5      | Found a shimmering altar of Xom.
  3553 | D:5      | Acquired Beogh's second power
  3593 | D:5      | Found an ancient bone altar of Kikubaaqudgha.
  3609 | D:5      | Reached skill level 7 in Axes
  3740 | D:5      | Slain by an ogre

Action                   |  1- 3 |  4- 6 |  7- 9 || total
-------------------------+-------+-------+-------++-------
Melee: War axe           |   111 |   211 |   110 ||   432
       Unarmed           |       |     5 |       ||     5
  Use: Scroll            |     1 |     4 |     1 ||     6
       Potion            |       |     7 |     1 ||     8
  Eat: Meat ration       |       |     1 |     1 ||     2
       Bread ration      |       |     1 |       ||     1
